 Dungeon Crawl Stone Soup version 0.29.1-1-gd02db6906a (webtiles) character file.

Game seed: 15442695241708317433

469 cdecastro the Digger (level 7, -2/46 HPs)
             Began as a Formicid Earth Elementalist on Oct 5, 2022.
             Was an Initiate of Vehumet.
             Succumbed to a gnoll sergeant's poison
             ... on level 5 of the Dungeon on Oct 7, 2022.
             The game lasted 00:13:51 (5361 turns).

cdecastro the Digger (Formicid Earth Elementalist)  Turns: 5361, Time: 00:13:51

Health: -2/46      AC:  9    Str: 12    XL:     7   Next: 30%
Magic:  9/10       EV: 12    Int: 17    God:    Vehumet [......]
Gold:   237        SH:  0    Dex: 14    Spells: 4/10 levels left

rFire   . . .      SeeInvis +   d - +0 dagger
rCold   . . .      Faith    .   (no shield)
rNeg    . . .      Spirit   .   a - +0 robe
rPois   .          Reflect  .   (helmet unavailable)
rElec   .          Harm     .   (no cloak)
rCorr   .          Rampage  .   (no gloves)
Will    .....                   v - +2 pair of boots
Stlth   ++........              o - amulet of magic regeneration
HPRegen 0.15/turn               g - +4 ring of protection
MPRegen 0.52/turn               (no ring)

@: brilliant, lethally poisoned (-2 -> -22), invisible
A: permanent stasis, dig shafts and tunnels, antennae 3, four strong arms
a: Dig, Shaft Self, Renounce Religion


You were on level 5 of the Dungeon.
You worshipped Vehumet.
Vehumet was noncommittal.
You visited 2 branches of the dungeon, and saw 6 of its levels.
You also visited: Sewer.

You collected 237 gold pieces.

Inventory:

Hand Weapons
 d - a +0 dagger (weapon)
Missiles
 c - 35 stones
 y - 5 silver javelins
 z - 6 boomerangs
Armour
 a - a +0 robe (worn)
 v - a +2 pair of boots (worn)
Jewellery
 g - a +4 ring of protection (left hand)
 o - an amulet of magic regeneration (around neck)
 p - an amulet of guardian spirit
Scrolls
 e - 3 scrolls of vulnerability {unknown}
 f - 6 scrolls of identify {unknown}
 h - a scroll of noise {unknown}
 i - a scroll of teleportation {unknown}
 k - 2 scrolls of immolation {unknown}
 l - a scroll of amnesia {unknown}
 q - a scroll of fog {unknown}
 t - a scroll of blinking {unknown}
 w - a scroll of enchant weapon {unknown}
 x - a scroll of enchant armour {unknown}
Potions
 b - a potion of magic
 j - 2 potions of brilliance
 m - a potion of flight {unknown}
 n - a potion of haste {unknown}
 r - a potion of attraction {unknown}
 s - 2 potions of invisibility
 u - 2 potions of might {unknown}
 A - a potion of curing {unknown}


   Skills:
 - Level 1.7 Dodging
 - Level 2.4 Stealth
 - Level 2.1 Spellcasting
 + Level 4.1 Conjurations
 - Level 1.1 Transmutations
 - Level 7.4 Earth Magic


You had 4 spell levels left.
You knew the following spells:

 Your Spells              Type           Power      Damage    Failure   Level
a - Sandblast             Erth           80%        2d17      1%          1
b - Stone Arrow           Conj/Erth      64%        3d11      5%          3
c - Passwall              Tmut/Erth      20%        N/A       4%          2

Your spell library contained the following spells:

 Spells                   Type           Power      Damage    Failure   Level
 Apportation              Tloc           4%         N/A       19%         1
 Necrotise                Necr           8%         1d4       19%         1
 Summon Small Mammal      Summ           8%         N/A       19%         1
 Petrify                  Tmut/Erth      24%        N/A       32%         4


Dungeon Overview and Level Annotations

Branches:
Dungeon (5/15)             Temple (1/1) D:4           Sewer (visited)

Altars:
Cheibriados
Dithmenos
Elyvilon
Fedhas
Gozag
Kikubaaqudgha
Makhleb
Nemelex Xobeh
Okawaru
Qazlal
Ru
Sif Muna
Trog
Uskayaw
Vehumet
Wu Jian
Xom
Yredelemnul
Zin
The Shining One

Annotations:
D:3 1 runed translucent door


Innate Abilities, Weirdness & Mutations

You cannot be hasted, slowed, berserked, paralysed or teleported.
You can dig through walls and to a lower floor.
You have a pair of large antennae on your head. (SInv)
Your four strong arms can wield two-handed weapons with a shield.


Message History

You are poisoned.
Aiming: Sandblast (safe; 1% risk of failure)
Press: ? - help, Q - select action, (/) - cycle Shift-Dir - straight line, f/p - gnoll
Aim: a gnoll, wielding a +0 spear (almost dead, 85% to hit)
The blast of sand hits the gnoll sergeant but does no damage.
You feel very sick.
The gnoll sergeant completely misses you.
The gnoll sergeant hits you from afar with a +0 trident of venom!
You are more poisoned.
Aiming: Sandblast (safe; 1% risk of failure)
Press: ? - help, Q - select action, (/) - cycle Shift-Dir - straight line, f/p - gnoll
Aim: a gnoll, wielding a +0 spear (almost dead, 85% to hit)
The blast of sand hits the gnoll sergeant but does no damage.
* * * LOW HITPOINT WARNING * * *
You feel very sick. The gnoll sergeant barely misses you.
Aiming: Sandblast (safe; 1% risk of failure)
Press: ? - help, Q - select action, (/) - cycle Shift-Dir - straight line, f/p - gnoll
Aim: a gnoll, wielding a +0 spear (almost dead, 85% to hit)
The blast of sand hits the gnoll sergeant.
The gnoll sergeant is lightly wounded.
You feel very sick.
The gnoll sergeant hits you from afar with a +0 trident of venom.
* * * LOW HITPOINT WARNING * * *
The gnoll sergeant hits you from afar with a +0 trident of venom.
* * * LOW HITPOINT WARNING * * *
You are more poisoned.
Unknown command.
Press: ? - help, v - describe, . - travel
Here: a gnoll sergeant, wielding a +0 trident of venom and wearing a +0 scale mail (lightly wounded)
The floor.
Unknown command.
It was a potion of brilliance.
You feel clever all of a sudden.
* * * LOW HITPOINT WARNING * * *
You feel very sick. The gnoll sergeant barely misses you.
It was a potion of invisibility.
You fade into invisibility!
You die... #... ... #..## .... ##g.. ... g5g

...#. #g# ....#
#g# #..... #g#
##...#. #.#
##......
#@#########.....##
#................#
###########.....##
##...## ##..#
##.### #.... #####


You could see a gnoll sergeant (unable to see you), 5 gnolls and a white imp
(unable to see you).

Vanquished Creatures
  Pargi (Sewer)
  A human zombie (D:3)
  A jelly (D:4)
  3 hounds (D:5)
  An orc wizard (D:4)
  8 adders
  2 river rats (D:3)
  A white imp (D:5)
  6 worms
  A dart slug (D:3)
  4 orcs
  6 bats
  7 endoplasms
  2 giant cockroaches
  7 goblins
  3 hobgoblins
  2 quokkas
  8 ball pythons
  10 frilled lizards
  A goblin zombie (D:3)
  6 kobolds
  8 rats
89 creatures vanquished.

Notes
Turn   | Place    | Note
-------+----------+-------------------------------------------
     0 | D:1      | cdecastro the Formicid Earth Elementalist began the quest
                  | for the Orb.
     0 | D:1      | Reached XP level 1. HP: 13/13 MP: 3/3
   379 | D:1      | Reached skill level 4 in Earth Magic
   421 | D:1      | Reached XP level 2. HP: 19/19 MP: 5/5
  1170 | D:1      | Found a faded altar of an unknown god.
  1395 | D:2      | Reached XP level 3. HP: 24/24 MP: 6/6
  1473 | D:2      | Reached skill level 5 in Earth Magic
  1480 | D:2      | Learned a level 3 spell: Stone Arrow
  2723 | D:3      | Reached XP level 4. HP: 30/30 MP: 4/7
  2751 | D:3      | Found a glowing drain.
  2794 | D:3      | Reached skill level 6 in Earth Magic
  2811 | Sewer    | Entered a sewer
  3131 | Sewer    | Noticed Pargi
  3136 | Sewer    | Killed Pargi
  3137 | Sewer    | Reached skill level 7 in Earth Magic
  3137 | Sewer    | Reached XP level 5. HP: 25/35 MP: 2/8
  3140 | Sewer    | Learned a level 2 spell: Passwall
  3346 | D:3      | Reached XP level 6. HP: 38/41 MP: 9/9
  3388 | D:3      | Found an ornate altar of the Wu Jian Council.
  3691 | D:3      | Reached skill level 1 in Conjurations
  3803 | D:3      | Found a runed translucent door.
  3803 | D:3      | Noticed a human
  3805 | D:3      | Found a basalt altar of Yredelemnul.
  4121 | D:4      | Noticed a black bear
  4376 | D:4      | Found a staircase to the Ecumenical Temple.
  4394 | Temple   | Entered the Ecumenical Temple
  4403 | Temple   | Became a worshipper of Vehumet
  4576 | D:4      | Found an iron altar of Okawaru.
  4695 | D:5      | Entered Level 5 of the Dungeon
  4895 | D:5      | Reached XP level 7. HP: 39/46 MP: 10/10
  5360 | D:5      | HP: 1/46 [poisoned by a gnoll sergeant]
  5361 | D:5      | Succumbed to a gnoll sergeant's poison

Illustrated notes

Levels and vault maps discovered:
D:1:      lightli_arrival_chessboard, layout_basic,
          shapermc_ecumenical_altar_mp_vishouse
D:2:      layout_basic, serial_glass, glass_columns_a, glass_columns_a,
          grunt_ministairs_4
D:3:      layout_rooms, dk_yredelemnul_ordeal, nzn_wu_jian_council_hall,
          portal_sewer_entry_a, amcnicky_mini_corridor_feature
D:4:      layout_basic, mainiacjoe_overflow_alcove_1, minmay_temple_entry_grid
D:5:      layout_loops_ring, minmay_misc_feat_diagonals, minivault_11,
          lightli_church_of_beogh
Temple:   sentei_temple_godly_chess

Skill      XL: |  1  2  3  4  5  6  7 |
---------------+----------------------+-----
Earth Magic    | 4 5 7 |  7.4
Conjurations   | 3 4 |  4.1
Dodging        | |  1.7
Stealth        | |  2.4
Spellcasting   | |  2.1
Transmutations | |  1.1

Action                   |  1- 3 |  4- 6 |  7- 9 || total
-------------------------+-------+-------+-------++-------
Melee: Dagger            |    63 |   188 |    40 ||   291
       Unarmed           |     2 |       |       ||     2
       Punch             |       |     3 |       ||     3
 Cast: Sandblast         |    26 |    34 |    19 ||    79
  Use: Potion            |       |       |     2 ||     2
 Stab: Sleeping          |     7 |     4 |       ||    11
Armor: Robe              |    26 |    81 |    29 ||   136
Dodge: Dodged            |    43 |    95 |    34 ||   172
